Map: Orbital Shipyard

Players

Jombozeus - Winner!

  • Race: Terran Terran
  • League: Grandmaster

VOD

Have the link to the VOD?

Description

Time

  • Played on: Sept. 14, 2015, 1:25 p.m.
  • Length: 4:30
Show
View Real Time Build Order
Export as new Build Order

Jombozeus Terran - Winner!

Build Orders:  

Get SALT Encoding   

  12  0:02  SCV  
  12  0:14  Supply Depot  
  12  0:17  SCV  
  12  0:30  SCV  
  12  0:42  SCV  
  12  0:57  Command Center  
  12  1:00  SCV  
  12  1:12  Barracks  
  12  1:16  SCV  
  12  1:26  Barracks  
  12  1:31  Refinery  
  12  1:34  SCV  
  12  1:47  SCV  
  12  1:58  Marine  
  12  2:00  Orbital Command  
  12  2:08  Orbital Command  
  12  2:15  Barracks Reactor  
  12  2:24  Barracks Tech Lab  
  12  2:25  Bunker  
  12  2:27  SCV  
  12  2:33  Barracks  
  12  2:40  SCV  
  12  2:45  Marauder  
  12  2:46  SCV  
  12  2:53  Marine x2  
  12  2:56  Supply Depot  
  12  2:59  SCV x2  
  12  3:07  Supply Depot  
  12  3:08  Marauder  
  12  3:13  Marine x2  
  12  3:20  SCV  
  12  3:21  SCV  
  12  3:22  Refinery  
  12  3:23  Marine  
  12  3:30  Marine  
  12  3:31  Marauder, Marine  
  12  3:33  SCV  
  12  3:36  SCV  
  12  3:41  Marine  
  12  3:45  SCV  
  12  3:48  SCV, Marine x2  
  12  3:51  Supply Depot  
  12  3:53  Marauder  
  12  3:57  SCV  
  12  3:59  Marine  
  12  4:00  SCV  
  12  4:05  Factory  
  12  4:06  Marine  
  12  4:13  Supply Depot  
  12  4:17  SCV, Engineering Bay  
Tags
 
Add a new tag
Caveats
  • Supply blocks, unpowered buildings, or Contaminate may cause inaccurate times.
  • Supply counts are checked every 10 seconds.